 Dungeon Crawl Stone Soup version 0.20-a0-446-g9649680 (webtiles) character file.

58 Kriby the Magician (level 3, -2/24 HPs)
             Began as a Mummy Fire Elementalist on Jan 7, 2017.
             Slain by Terence
             ... wielding a +4 short sword of protection
              (6 damage)
             ... on level 2 of the Dungeon.
             The game lasted 00:01:59 (2301 turns).

Kriby the Magician (Mummy Fire Elementalist)        Turns: 2301, Time: 00:02:00

Health: -2/24      AC:  2    Str: 11    XL:     3   Next: 76%
Magic:  0/8        EV: 12    Int: 15    God:
Gold:   68         SH:  0    Dex: 12    Spells: 8/9 levels left

rFire  x . .     SeeInvis .     e - +3 dagger
rCold  + . .     Gourm    .     a - +0 robe
rNeg   + + +     Faith    .     (no shield)
rPois  ∞         Spirit   .     (no helmet)
rElec  .         Reflect  .     (no cloak)
rCorr  .         Harm     .     (no gloves)
MR     .....                    (no boots)
Stlth  ++........               (no amulet)
                                (no ring)
                                (no ring)

@: no status effects
A: no food or potions, fire vulnerability, cold resistance 1, negative energy
resistance 3, torment resistance, unbreathing
a: no special abilities


You were on level 2 of the Dungeon.
You were not hungry.

You visited 1 branch of the dungeon, and saw 2 of its levels.

You collected 68 gold pieces.

Inventory:

Hand Weapons
 e - a +3 dagger (weapon)
Armour
 a - a +0 robe (worn)
Scrolls
 c - a scroll of remove curse {unknown}
 d - a scroll of amnesia {unknown}
 f - a scroll of immolation {unknown}
 g - 2 scrolls of blinking {unknown}
 h - a scroll of fog {unknown}
 i - a scroll of identify {unknown}
 j - 3 scrolls of enchant weapon {unknown}
Books
 b - a book of Flames

   Spells                             Type                      Level
   a - Flame Tongue                   Conjuration/Fire             1
   b - Throw Flame                    Conjuration/Fire             2
   c - Conjure Flame                  Conjuration/Fire             3
   d - Inner Flame                    Hexes/Fire                   3
   e - Sticky Flame                   Conjuration/Fire             4
   f - Fireball                       Conjuration/Fire             5


   Skills:
 - Level 1.5 Dodging
 - Level 1.5 Stealth
 * Level 3.9 Spellcasting
 * Level 1.9 Conjurations
 + Level 2.7 Fire Magic


You had 8 spell levels left.
You knew the following spells:

 Your Spells              Type           Power        Failure   Level  Hunger
a - Flame Tongue          Conj/Fire      #....        10%         1    N/A

Dungeon Overview and Level Annotations

Branches:
Dungeon (2/15)

Altars:
Dithmenos
Yredelemnul

Annotations:
D:2 Terence


Innate Abilities, Weirdness & Mutations

You do not eat or drink.
Your flesh is vulnerable to fire.
You are immune to poison.
Your flesh is cold resistant. (rC+)
You are immune to negative energy. (rN+++)
You are immune to unholy pain and torment.
You can survive without breathing.


Message History

* * * LOW HITPOINT WARNING * * *
There is an open door here.
Casting: Flame Tongue
Confirm with . or Enter, or press ? or * to list all spells.
Aiming: Flame Tongue
Press: ? - help, Shift-Dir - straight line, f/p - Terence
Aim: Terence, wielding a short sword of protection and wearing a runed scale mail (heavily wounded)
The flame tongue hits Terence.
Terence appears unharmed.
Terence is heavily wounded.
Terence closely misses you.
Your magical contamination has completely faded away.
Casting: Flame Tongue
Confirm with . or Enter, or press ? or * to list all spells.
Aiming: Flame Tongue
Press: ? - help, Shift-Dir - straight line, f/p - Terence
Aim: Terence, wielding a short sword of protection and wearing a runed scale mail (heavily wounded)
The flame tongue hits Terence.
Terence resists.
Terence is heavily wounded.
Terence hits you with a short sword of protection.
You die...

#.###.#.####.....#
#.##.#.# #.#
#........###.####
#......# #.#
###.####.#
#....#######.###
#.# #.#
#.###.##.........#
#.#####.#
#.....############
#.......# ###.###
######### #># #.#
#####@# #....@#
###.###.###
..........########
###.###.#........#
#......#########
###.....# ##...##
##.##


You could see Terence.

Vanquished Creatures
  2 adders (D:2)
  2 worms (D:2)
  2 dart slugs
  A leopard gecko (D:1)
  4 bats
  4 goblins
  2 hobgoblins
  2 jackals (D:2)
  6 kobolds
  A quokka (D:2)
  A ball python (D:2)
  3 frilled lizards
  2 rats (D:1)
32 creatures vanquished.

Notes
Turn   | Place    | Note
-------+----------+-------------------------------------------
     0 | D:1      | Kriby the Mummy Fire Elementalist began the quest for the Orb.
     0 | D:1      | Reached XP level 1. HP: 13/13 MP: 4/4
    85 | D:1      | Reached skill level 1 in Conjurations
   404 | D:1      | Reached XP level 2. HP: 19/19 MP: 3/5
   560 | D:1      | Reached skill level 3 in Spellcasting
  1161 | D:2      | Found a shadowy altar of Dithmenos.
  1345 | D:2      | Reached XP level 3. HP: 23/24 MP: 2/8
  1495 | D:2      | Noticed Terence
  1638 | D:2      | Found a basalt altar of Yredelemnul.
  2301 | D:2      | Slain by Terence

Vault maps used:
D:1:      dpeg_arrival_tiny_i
D:2:      amethyst_overflow_temple_binary, yredelemnul_altar_generic,
          nicolae_dithmenos_through_a_glass_darkly, uniq_terence

Skill      XL: |  1  2 |
---------------+-------+-----
Conjurations   | 1 |  1.9
Spellcasting   | 3 |  3.9
Dodging        | |  1.5
Stealth        | |  1.5
Fire Magic     | |  2.7

Action                   || total
-------------------------++-------
Melee: Unarmed           ||     1
       Dagger            ||    16
 Cast: Flame Tongue      ||    77
Armor: Robe              ||    16
Dodge: Dodged            ||    43
